 Dungeon Crawl Stone Soup version 0.25-a0-464-g3004169 (webtiles) character file.

Game seed: 15852983714044445523, levelgen mode: deterministic

220 15 the Firebug (level 5, 0/28 HPs)
             Began as a Tengu Fire Elementalist on Feb 4, 2020.
             Killed from afar by an orc wizard (5 damage)
             ... with a magic dart
             ... on level 3 of the Dungeon on Feb 5, 2020.
             The game lasted 00:10:54 (1682 turns).

15 the Firebug (Tengu Fire Elementalist)            Turns: 1682, Time: 00:10:55

Health: 0/28       AC:  2    Str: 13    XL:     5   Next: 97%
Magic:  10/10      EV: 16    Int: 21    God:
Gold:   111        SH:  0    Dex: 15    Spells: 2/10 levels left

rFire    . . .     SeeInvis .   i - +2 dagger (flame)
rCold    . . .     Gourm    .   (no shield)
rNeg     . . .     Faith    .   m - +0 robe
rPois    .         Spirit   .   (helmet restricted)
rElec    .         Reflect  .   (no cloak)
rCorr    .         Harm     .   (no gloves)
MR       .....                  (boots unavailable)
Stlth    ++........             g - amulet of magic regeneration
HPRegen  0.09/turn              k - +5 ring of intelligence
MPRegen  0.37/turn              (no ring)

@: mighty, flying quickly and evasively, very slightly contaminated, quick
A: beak, talons 3, able to fly
a: Stop Flying


You were on level 3 of the Dungeon.
You were not hungry.

You visited 1 branch of the dungeon, and saw 3 of its levels.

You collected 111 gold pieces.

Inventory:

Hand Weapons
 h - a +0 whip
 i - a +2 dagger of flaming (weapon)
Armour
 m - a +0 robe (worn)
Jewellery
 g - an amulet of magic regeneration (around neck)
 k - a +5 ring of intelligence (left hand)
Scrolls
 b - 2 scrolls of blinking
 d - a scroll of fog
 f - a scroll of magic mapping
 o - a scroll of teleportation
Potions
 a - a potion of lignification
 j - a potion of curing
Comestibles
 c - 6 rations


   Skills:
 + Level 0.1 Fighting
 + Level 0.9 Short Blades
 * Level 1.2 Armour
 * Level 3.1 Dodging
 + Level 2.8 Stealth
 * Level 3.3 Spellcasting
 * Level 3.0 Conjurations
 + Level 4.3 Fire Magic


You had 2 spell levels left.
You knew the following spells:

 Your Spells              Type           Power        Failure   Level  Hunger
a - Foxfire               Conj/Fire      ###.         2%          1    None
b - Conjure Flame         Conj/Fire      ###.....     9%          3    ###....
c - Sticky Flame          Conj/Fire      ###.....     28%         4    ####...

Your spell library contained the following spells:

 Spells                   Type           Power        Failure   Level  Hunger
 Inner Flame              Hex/Fire       ##......     16%         3    ###....
 Fireball                 Conj/Fire      ###.......   61%         5    ######.


Dungeon Overview and Level Annotations

Branches:
Dungeon (3/15)

Altars:
Okawaru


Innate Abilities, Weirdness & Mutations

You have a beak for a mouth.
You have claws for feet.
You can fly continuously.


Message History

There isn't anything to butcher here.
Items here: )) [ † a +0 club; a +0 dagger; a +0 robe; an orc corpse You butcher the orc corpse.
You flicker for a moment.
Items here: % )) [ ÷ a +0 club; a +0 dagger; a +0 robe; 3 chunks of flesh; an orc skeleton
Found 22 arrows.
The orc shouts!
The orc hits you with a +3 hand axe.
* * * LOW HITPOINT WARNING * * *
You puncture the orc! You burn the orc.
You kill the orc!
Your Conjurations skill increases to level 3!
You completely miss the orc wizard. You claw the orc wizard!
The orc wizard is severely wounded.
You flicker back into view.
The orc wizard gestures at you while chanting.
The magic dart hits you.
You die...

#.# #.# #.#.
#.# #.# #.#.
#.# #.# # #.
#.# .# #. #.#
.# ... #.#
##.# #.# #.#
#.. #.# #o#
#.# #@# #.#
#.# #.### #.#
#...#####.##
#.#.....))##
#.###########
#.# ###.....
#.# #.####
#.# .#


You could see an orc wizard.

Vanquished Creatures
  An orc wizard (D:3)
  An orc priest (D:3)
  Jessica (D:2)
  3 gnolls (D:2)
  2 adders (D:2)
  An ooze (D:3)
  4 worms
  2 dart slugs
  A leopard gecko (D:1)
  10 orcs
  4 giant cockroaches
  9 hobgoblins
  12 kobolds
  3 quokkas (D:3)
  6 bats
  6 frilled lizards
  2 goblins
  9 rats
77 creatures vanquished.

Vanquished Creatures (others)
  147 foxfires
147 creatures vanquished.

Grand Total: 224 creatures vanquished

Notes
Turn   | Place    | Note
-------+----------+-------------------------------------------
     0 | D:1      | 15 the Tengu Fire Elementalist began the quest for the Orb.
     0 | D:1      | Reached XP level 1. HP: 10/10 MP: 4/4
   165 | D:1      | Reached XP level 2. HP: 14/15 MP: 3/6
   402 | D:1      | Reached XP level 3. HP: 19/19 MP: 5/7
   465 | D:1      | Learned a level 3 spell: Conjure Flame
   591 | D:2      | Reached skill level 4 in Fire Magic
   614 | D:2      | Reached XP level 4. HP: 14/24 MP: 9/9
   649 | D:2      | Learned a level 4 spell: Sticky Flame
   710 | D:2      | Noticed Jessica
   716 | D:2      | Killed Jessica
   842 | D:2      | Reached skill level 1 in Armour
   900 | D:2      | Gained mutation: You can fly continuously. [Tengu growth]
   900 | D:2      | Reached XP level 5. HP: 28/28 MP: 10/10
   965 | D:2      | Found an iron altar of Okawaru.
  1432 | D:3      | Found a faded altar of an unknown god.
  1682 | D:3      | Killed from afar by an orc wizard

Levels and vault maps discovered:
D:1:      dpeg_arrival_rooms_c, layout_basic
D:2:      layout_loops_ring, lemuel_crystal_altar, minmay_misc_feat_plants,
          uniq_jessica
D:3:      layout_rooms, old_standard_altar, chequers_ecumenical_altar_lobes,
          serial_co_window_serial, co_window_corner_a, co_window_paths_b,
          co_window_paths_a, co_window_corner_a, co_window_corner_a,
          co_window_corner_a, co_window_corner_a, co_window_2corner,
          co_window_broadway_a, co_window_of_opportunity_b, co_window_corner_b,
          co_window_broadway_c, co_window_broadway_c, co_window_paths_c,
          kennysheep_generic_room_6, uniq_terence

Skill      XL: |  1  2  3  4  5 |
---------------+----------------+-----
Fire Magic     | 4 |  4.3
Conjurations   | 2 3 |  3.0
Armour         | 1 |  1.2
Spellcasting   | 3 |  3.3
Dodging        | 3 |  3.1
Fighting       | |  0.1
Short Blades   | |  0.9
Stealth        | |  2.8

Action                   |  1- 3 |  4- 6 || total
-------------------------+-------+-------++-------
Melee: Dagger            |    28 |    51 ||    79
       Peck              |     3 |     5 ||     8
       Unarmed           |     2 |       ||     2
       Kick              |    10 |    12 ||    22
 Cast: Foxfire           |    40 |    70 ||   110
 Abil: Fly               |       |     1 ||     1
  Use: Scroll            |     1 |     7 ||     8
       Potion            |     2 |     3 ||     5
 Stab: Sleeping          |     3 |     3 ||     6
       Invisible         |     4 |     2 ||     6
  Eat: Chunk             |       |     3 ||     3
Armor: Robe              |     3 |     4 ||     7
Dodge: Dodged            |    11 |    37 ||    48

Table legend:
 A = Non-vault XP
 B = Vault XP
 C = Vault XP percentage of total XP
 D = Non-vault monster count
 E = Vault monster count
 F = Vault count percentage of total count
                 A         B        C        D         E       F
            +---------+---------+-------+---------+---------+-------
      Total |     278 |      37 |  11.7 |      76 |       1 |   1.3
            +---------+---------+-------+---------+---------+-------
        D:1 |      38 |       0 |   0.0 |      25 |       0 |   0.0
        D:2 |     127 |      37 |  22.6 |      33 |       1 |   2.9
        D:3 |     113 |       0 |   0.0 |      18 |       0 |   0.0
            +---------+---------+-------+---------+---------+-------
